AoeStats
← Franklin

Arabia

507371886Analyzed
3v3 RM · 2mo ago on Sep 17, 2026· 55m 34s· 6 players
Game mode
Random Map
Map size
Normal (6 player)
Population
200
Speed
Normal
Resources
Standard
Victory
Conquest
Starting age
Dark Age
Ending age
Imperial Age
RankedLock teamsTeams togetherTeam positionsShared explorationLock speedFull tech treeHidden civsTurbo modeCheats
Victory
Defeat
🇦🇷 Wei · Argentina
1025
+18
🇦🇷 Vietnamese · Argentina
1018
+18
🇦🇷 Spanish · Argentina
1009
+18
vs
🇦🇷 Magyars · Argentina
1072
-18
🇩🇿 Vietnamese · Algeria
1065
-19
🇺🇸 Persians · United States
1043
-17
Franklin
8:06 Loom
11:24 Feudal Age
15:47 Castle Age
14:17 Double-Bit Axe
16:48 Horse Collar
18:00 Bow Saw
22:35 Stone Mining
24:04 Bloodlines
24:18 Light Cavalry
26:14 Wheelbarrow
25:48 Husbandry
26:35 Scale Barding Armor
27:17 Gold Mining
28:47 Chain Barding Armor
31:23 Hand Cart
36:21 Imperial Age
34:33 Corvinian Army
36:23 Elite Magyar Huszar
37:25 Conscription
38:43 Plate Barding Armor
51:02 Heavy Plow
Funtertainer
3:16 Loom
11:12 Feudal Age
17:17 Double-Bit Axe
20:34 Castle Age
19:07 Horse Collar
19:25 Gold Mining
19:27 Stone Mining
22:01 Bow Saw
34:36 Crossbowman
36:29 Elite Skirmisher
37:14 Thumb Ring
37:16 Squires
39:16 Pikeman
39:41 Arson
ayoubDZtv
10:04 Feudal Age
9:45 Loom
11:02 Double-Bit Axe
15:57 Horse Collar
21:50 Castle Age
23:26 Scale Barding Armor
23:31 Forging
23:38 Bow Saw
23:36 Heavy Plow
23:27 Pikeman
25:41 Scale Mail Armor
27:15 Forging
29:43 Chain Mail Armor
30:19 Elite Skirmisher
33:04 Fletching
36:00 Iron Casting
36:03 Bodkin Arrow
41:03 Gold Mining
43:52 Padded Archer Armor
loto95
12:11 Feudal Age
10:27 Loom
14:13 Double-Bit Axe
16:37 Castle Age
15:21 Horse Collar
15:33 Gold Mining
19:10 Wheelbarrow
26:48 Bow Saw
29:28 Husbandry
29:39 Bloodlines
32:17 Scale Barding Armor
32:23 Forging
35:50 Imperial Age
34:25 Scale Barding Armor
34:44 Town Watch
35:11 Forging
36:08 Chain Barding Armor
36:48 Cavalier
39:08 Plate Barding Armor
39:09 Iron Casting
45:33 Blast Furnace
44:33 Scale Mail Armor
48:43 Light Cavalry
51:55 Hand Cart
53:51 Paladin
INSANE-
3:18 Loom
9:58 Feudal Age
10:37 Double-Bit Axe
10:51 Horse Collar
14:08 Stone Mining
14:09 Gold Mining
17:59 Wheelbarrow
21:38 Castle Age
20:23 Town Watch
20:29 Fletching
20:39 Padded Archer Armor
25:05 Husbandry
25:19 Bloodlines
25:32 Ballistics
25:10 Bodkin Arrow
25:44 Thumb Ring
28:37 Leather Archer Armor
32:26 Hand Cart
37:47 Imperial Age
36:54 Gold Shaft Mining
40:05 Parthian Tactics
42:11 Conscription
46:00 Heavy Hei Guang Cavalry
47:08 Ming Guang Armor
50:40 Tuntian
50:47 Scale Barding Armor
50:53 Forging
52:13 Chain Barding Armor
52:05 Light Cavalry
54:23 Iron Casting
56:14 Blast Furnace
General Siziña
2:13 Loom
11:53 Feudal Age
13:01 Double-Bit Axe
18:04 Castle Age
17:06 Stone Mining
20:08 Bow Saw
23:02 Wheelbarrow
25:20 Hand Cart
25:01 Horse Collar
27:29 Heavy Plow
29:01 Bloodlines
28:52 Husbandry
32:41 Forging
32:37 Scale Barding Armor
36:38 Imperial Age
34:45 Fletching
34:57 Padded Archer Armor
35:45 Gold Mining
36:10 Thumb Ring
35:26 Crossbowman
36:42 Arbalester
39:02 Bodkin Arrow
39:24 Leather Archer Armor
40:20 Chemistry
42:05 Two-Man Saw
41:43 Chatras
44:07 Ballistics
44:48 Bracer
45:24 Ring Archer Armor
Connection lost

Rejoining the realm…

Still unreachable

The connection could not be restored.

Session expired

The server has moved on; the page needs a fresh start.